 Dungeon Sprint DCSS version 0.31-a0-963-ga325b2283a (webtiles) character file.

Game seed: 16741487458481740487

38416 sircluck the Brawler (level 13, -6/142 HPs)
             Began as a Troll Berserker on Oct 25, 2023.
             Was an Elder of Trog.
             Shot with an arrow by a deep elf master archer (29 damage)
             ... in the Dungeon (Sprint VII: "The Pits").
             The game lasted 00:12:23 (3046 turns).

sircluck the Brawler (Troll Berserker)              Turns: 3046, Time: 00:12:24

Health: -6/142     AC: 14    Str: 32    XL:     13   Next: 63%
Magic:  12/12      EV: 13    Int:  3    God:    Trog [****..]
Gold:   40         SH:  0    Dex:  7    Spells: 12/12 levels left

rFire   + .          .
                       - Unarmed
rCold   . . .        (no shield)
rNeg    . . .        A - +0 swamp dragon scales
rPois   +            (helmet restricted)
rElec   .            y - +1 cloak {Will+}
rCorr   .            (gloves unavailable)
SInv    .            (boots unavailable)
Will    +++..        (no amulet) Stlth
                     g - +3 ring of protection
HPRegen 2.23/turn    o - ring of protection from fire
MPRegen 0.13/turn

%: no teleportation
@: strong-willed, regenerating
A: large, unfitting armour, claws 3, regeneration 1, shaggy fur 1, tough skin 1,
clumsy 1, deformed body, frail 1
a: Renounce Religion, Berserk, Trog's Hand, Brothers in Arms


You were in the Dungeon.
You worshipped Trog.
Trog was greatly pleased with you.
You visited 1 branch You collected 40 gold pieces.

Inventory:

Missiles
 t - a throwing net
 u - 12 stones
Armour
 a - a +0 animal skin
 y - a +1 cloak of willpower (worn)
 A - +0 swamp dragon scales (worn)
Jewellery
 g - a +3 ring of protection (left claw)
 n - a +3 ring of intelligence
 o - a ring of protection from fire (right claw)
 r - a ring of fire
 B - a ring of willpower
 C - the macabre finger necklace {Finger+ rN+}
   (You took it off a merfolk in the Dungeon)

   [amulet of nothing]

   Finger+:   It enables you to equip an extra ring.
   rN+:       It protects you from negative energy.
Wands
 k - a wand of flame (25)
 s - a wand of polymorph (16)
 z - a wand of digging (7)
Scrolls
 i - 2 scrolls of vulnerability
 j - a scroll of summoning
 q - 3 scrolls of identify
 v - 6 scrolls of enchant weapon
 w - 2 scrolls of fog
 x - a scroll of fear
Potions
 b - 12 potions of curing
 c - 7 potions of heal wounds
 d - 3 potions of haste
 e - 4 potions of magic
 f - 5 potions of berserk rage
 h - 2 potions of invisibility
 l - a potion of resistance
 m - a potion of mutation
 p - a potion of attraction


   Skills:
 + Level 18.1 Fighting
 + Level 11.3 Armour
 + Level 17.9 Dodging
 + Level 20.9 Unarmed Combat


You had 12 spell levels left.
You didn't know any spells.
Your spell library was empty.

Dungeon Overview and Level Annotations

Branches:
Dungeon (1/1)

Altars:
Ashenzari
Cheibriados
Dithmenos
Elyvilon
Fedhas
Gozag
Hepliaklqana
Kikubaaqudgha
Makhleb
Nemelex Xobeh
Okawaru
Qazlal
Ru
Sif Muna
Trog
Uskayaw
Vehumet
Wu Jian
Xom
Yredelemnul
Zin
The Shining One
Jiyva
Lugonu


Innate Abilities, Weirdness & Mutations

You are too large for most types of armour.
You have claws for hands.
Your natural rate of healing is unusually fast.
You are covered in fur. (AC +1)
You have tough skin. (AC +1)
You are clumsy. (Dex -2)
Armour fits poorly on your strangely shaped body.
You are frail. (-10% HP)


Message History

Unknown command.
Your ogre goes berserk!
The deep elf master archer shoots an arrow.
The arrow hits you!
The deep elf master archer shoots an arrow.
The arrow hits you!!
You swap places.
The deep elf master archer shoots an arrow.
The arrow hits your ogre!!
Unknown command.
Your ogre closely misses the deep elf master archer.
The deep elf master archer shoots an arrow.
The arrow hits your ogre!
You fail to use your ability.
Your ogre closely misses the deep elf master archer.
The deep elf master archer shoots an arrow.
The arrow hits your ogre!!
Your ogre dies!
Your ogre's corpse disappears in a puff of smoke!
The deep elf master archer shoots an arrow.
The arrow hits you!
* * * LOW HITPOINT WARNING * * *
Unknown command.
Unknown command.
Which direction?
Unknown command.
Read: scroll of fear
Press: ? - help, Q - select action, (/) - cycle Dir - look around, f - activate Look: a deep elf master archer, wielding a +0 longbow and wearing a +0 leather armour (severely wounded, chance to affect: 47%)
Okay, then.
Okay, then.
Your skin crawls.
You feel strong-willed.
The Ice Fiend calls on the powers of darkness!
The storm dragon convulses!
The red draconian convulses!
The deep elf master archer convulses!
Your body is wracked with pain!
* * * LOW HITPOINT WARNING * * *
The deep elf master archer shoots an arrow.
The arrow hits you!!
You die...

... ... #1# #D#
#d# #e# #ยง# #'#
#@# #'# #.# #'#
#)# #'# #.# #'#
################'#


You could see a storm dragon, an Ice Fiend, a red draconian and a deep elf
master archer.

Vanquished Creatures
  An orb of fire (D)
  An electric golem (D)
  A titan (D)
  A shadow dragon (D)
  An ophan (D)
  An apis (D)
  A hydra (D)
  A boulder beetle (D)
  A death knight (D)
  An alligator snapping turtle (D)
  A two-headed ogre (D)
  A merfolk aquamancer (D)
  A vampire mage (D)
  A soul eater (D)
  2 shadow wraiths (D)
  2 flayed ghosts (D)
  3 bog bodies (D)
  A swamp dragon (D)
  2 deep elf pyromancers (D)
  A lindwurm (D)
  Joseph (D)
  A smoke demon (D)
  A cane toad (D)
  An orange demon (D)
  Psyche (D)
  An ice devil (D)
  A yaktaur (D)
  A kobold demonologist (D)
  A merfolk (D)
  3 polar bears (D)
  A guardian mummy (D)
  2 hornets (D)
  A tyrant leech (D)
  2 glass eyes (D)
  2 snapping turtles (D)
  2 water elementals (D)
  Sigmund (D)
  A spriggan (D)
  A slime creature (D)
  A vampire (D)
  A basilisk (D)
  6 yaks (D)
  A redback (D)
  2 vampire mosquitoes (D)
  An orc warrior (D)
  2 swamp drakes (D)
  An ogre (D)
  A centaur (D)
  A kobold brigand (D)
  2 bullfrogs (D)
  10 wights (D)
  A crimson imp (D)
  A gnoll bouda (D)
  An orc wizard (D)
  A hell rat (D)
  3 gnolls (D)
  An adder (D)
  A white imp (D)
  2 ufetubi (D)
  An adder zombie (D)
  An adder skeleton (D)
  2 worms (D)
  2 orcs (D)
  3 bats (D)
  A quokka (D)
  A frilled lizard (D)
101 creatures vanquished.

Vanquished Creatures (collateral kills)
  Xtahua (D)
  Polyphemus (D)
  A boulder beetle (D)
  A naga sharpshooter (D)
  2 spriggan druids (D)
  A cherub (D)
  A manticore (D)
  A manticore (shapeshifter) (D)
  A moth of wrath (D)
  2 naga magi (D)
  A rust devil (D)
  An ice devil (D)
  A guardian mummy (D)
  A wandering mushroom (D)
  A hornet (D)
  5 blink frogs (D)
  4 slime creatures (D)
  A spriggan (D)
  2 water elementals (D)
  3 redbacks (D)
  An acid dragon (D)
  A bullfrog (D)
  3 wights (D)
  A crimson imp (D)
  A jelly (D)
  A gnoll (D)
  A river rat (D)
41 creatures vanquished.

Vanquished Creatures (others)
  An unseen horror (D)
1 creature vanquished.

Grand Total: 143 creatures vanquished

Notes
Turn   | Place    | Note
-------+----------+-------------------------------------------
     0 | D        | sircluck the Troll Berserker began the quest for the Orb.
     0 | D        | Reached XP level 1. HP: 22/22 MP: 0/0
    22 | D        | Noticed a basilisk
    35 | D        | HP: 1/22 [basilisk (5)]
    41 | D        | Killed a basilisk
    42 | D        | Reached skill level 5 in Fighting
    42 | D        | Reached skill level 5 in Dodging
    42 | D        | Reached skill level 6 in Unarmed Combat
    42 | D        | Reached XP level 2. HP: 12/35 MP: 1/1
    42 | D        | Reached XP level 3. HP: 14/42 MP: 2/2
    42 | D        | Reached XP level 4. HP: 17/50 MP: 3/3
    42 | D        | Reached XP level 5. HP: 20/57 MP: 4/4
   339 | D        | Found a bloodstained altar of Trog.
   339 | D        | Found a shimmering blue altar of Sif Muna.
   339 | D        | Found a viscous altar of Jiyva.
   339 | D        | Found a hazy altar of Hepliaklqana.
   339 | D        | Found an opulent altar of Gozag.
   340 | D        | Found a glowing golden altar of the Shining One.
   340 | D        | Found a glowing silver altar of Zin.
   340 | D        | Found a basalt altar of Yredelemnul.
   340 | D        | Found a shimmering altar of Xom.
   340 | D        | Found an ornate altar of the Wu Jian Council.
   340 | D        | Found a sacrificial altar of Ru.
   340 | D        | Found a stormy altar of Qazlal.
   340 | D        | Found an iron altar of Okawaru.
   340 | D        | Found a sparkling altar of Nemelex Xobeh.
   340 | D        | Found a burning altar of Makhleb.
   340 | D        | Found a blossoming altar of Fedhas.
   340 | D        | Found a white marble altar of Elyvilon.
   340 | D        | Found a shadowy altar of Dithmenos.
   340 | D        | Found a snail-covered altar of Cheibriados.
   343 | D        | Found a corrupted altar of Lugonu.
   343 | D        | Found a radiant altar of Vehumet.
   344 | D        | Found an ancient bone altar of Kikubaaqudgha.
   344 | D        | Found a hide-covered altar of Uskayaw.
   344 | D        | Found a broken altar of Ashenzari.
   375 | D        | Noticed a glass eye
   384 | D        | Killed a glass eye
   384 | D        | Reached ** piety under Trog
   385 | D        | Reached skill level 8 in Unarmed Combat
   385 | D        | Reached XP level 6. HP: 71/71 MP: 5/5
   396 | D        | Reached *** piety under Trog
   409 | D        | Noticed a glass eye
   410 | D        | Noticed Sigmund
   420 | D        | Killed a glass eye
   421 | D        | Reached skill level 9 in Unarmed Combat
   421 | D        | Reached XP level 7. HP: 75/79 MP: 6/6
   425 | D        | Killed Sigmund
   425 | D        | Reached **** piety under Trog
   502 | D        | Reached skill level 10 in Unarmed Combat
   504 | D        | Reached ***** piety under Trog
   525 | D        | HP: 2/75 [wight/+5 halberd of freezing (2)]
   576 | D        | Killed a shadow wraith
   577 | D        | Reached skill level 11 in Unarmed Combat
   577 | D        | Reached XP level 8. HP: 47/93 MP: 7/7
   637 | D        | Noticed a boulder beetle
   637 | D        | Noticed a deep elf pyromancer
   645 | D        | Killed a deep elf pyromancer
   646 | D        | Reached skill level 10 in Fighting
   646 | D        | Reached skill level 10 in Dodging
   646 | D        | Reached skill level 12 in Unarmed Combat
   652 | D        | Received a gift from Trog
   653 | D        | Reached XP level 9. HP: 69/102 MP: 8/8
   664 | D        | Killed a boulder beetle
   719 | D        | Noticed a bog body
   729 | D        | Killed a bog body
   730 | D        | Reached skill level 13 in Unarmed Combat
   883 | D        | Received a gift from Trog
   913 | D        | Noticed a polar bear
   921 | D        | Killed a polar bear
   957 | D        | Noticed a tyrant leech
   965 | D        | Killed a tyrant leech
   966 | D        | Reached XP level 10. HP: 115/115 MP: 9/9
   966 | D        | Reached ****** piety under Trog
   966 | D        | Received a gift from Trog
  1069 | D        | Noticed a bog body
  1071 | D        | Noticed a bog body
  1075 | D        | Killed a bog body
  1076 | D        | Reached skill level 14 in Unarmed Combat
  1083 | D        | Killed a bog body
  1133 | D        | Identified the +5 executioner's axe of Unreason {heavy,
                  | rN++} (Trog gifted it to you in the Dungeon)
  1133 | D        | Received a gift from Trog
  1196 | D        | Noticed a flayed ghost
  1203 | D        | Killed a flayed ghost
  1204 | D        | Reached skill level 15 in Unarmed Combat
  1273 | D        | Received a gift from Trog
  1331 | D        | Noticed a boulder beetle
  1349 | D        | Killed a boulder beetle
  1415 | D        | Reached XP level 11. HP: 126/127 MP: 10/10
  1422 | D        | Received a gift from Trog
  1471 | D        | Noticed a deep elf pyromancer
  1475 | D        | Reached skill level 16 in Unarmed Combat
  1479 | D        | Killed a deep elf pyromancer
  1534 | D        | Noticed a vampire mage
  1536 | D        | Noticed Joseph
  1540 | D        | Noticed a flayed ghost
  1541 | D        | Killed a vampire mage
  1544 | D        | Killed Joseph
  1544 | D        | Received a gift from Trog
  1562 | D        | Noticed a two-headed ogre
  1562 | D        | Noticed Polyphemus
  1566 | D        | Noticed a lindwurm
  1567 | D        | Received a gift from Trog
  1569 | D        | Killed Polyphemus
  1589 | D        | Killed a two-headed ogre
  1590 | D        | Reached skill level 17 in Unarmed Combat
  1595 | D        | Killed a lindwurm
  1604 | D        | Received a gift from Trog
  1605 | D        | Reached skill level 15 in Fighting
  1894 | D        | Noticed a naga sharpshooter
  1894 | D        | Noticed Xtahua
  1894 | D        | Noticed a spriggan druid
  1894 | D        | Noticed a spriggan rider
  1896 | D        | Noticed a spriggan druid
  1900 | D        | Reached skill level 15 in Dodging
  1901 | D        | HP: 1/132 [Xtahua/searing blast (58)]
  1902 | D        | Killed a spriggan druid
  1903 | D        | Killed Xtahua
  1903 | D        | Received a gift from Trog
  1904 | D        | Reached skill level 18 in Unarmed Combat
  1904 | D        | Reached XP level 12. HP: 30/144 MP: 11/11
  2026 | D        | Received a gift from Trog
  2027 | D        | Reached skill level 1 in Armour
  2132 | D        | Noticed an alligator snapping turtle
  2161 | D        | Killed an alligator snapping turtle
  2161 | D        | Received a gift from Trog
  2162 | D        | Reached skill level 19 in Unarmed Combat
  2448 | D        | Noticed a merfolk aquamancer
  2450 | D        | Killed a merfolk aquamancer
  2451 | D        | Reached skill level 5 in Armour
  2451 | D        | Received a gift from Trog
  2465 | D        | Received a gift from Trog
  2468 | D        | Noticed a shadow dragon
  2476 | D        | Killed a shadow dragon
  2496 | D        | Reached XP level 13. HP: 135/156 MP: 12/12
  2517 | D        | Received a gift from Trog
  2534 | D        | Noticed Psyche
  2536 | D        | Killed Psyche
  2549 | D        | Reached skill level 20 in Unarmed Combat
  2806 | D        | Noticed an electric golem
  2819 | D        | Killed an electric golem
  2819 | D        | Received a gift from Trog
  2820 | D        | Reached skill level 10 in Armour
  2938 | D        | Noticed an orb of fire
  2949 | D        | Gained mutation: You are frail. (-10% HP) [an orb of fire]
  2951 | D        | Gained mutation: Armour fits poorly on your strangely
                  | shaped body. [an orb of fire]
  2957 | D        | Gained mutation: You are clumsy. (Dex -2) [an orb of fire]
  2958 | D        | Killed an orb of fire
  2988 | D        | Noticed an ophan
  2995 | D        | Killed an ophan
  3009 | D        | Noticed a titan
  3013 | D        | Killed a titan
  3017 | D        | Noticed an apis
  3024 | D        | Killed an apis
  3027 | D        | Noticed a storm dragon
  3027 | D        | Noticed a red draconian
  3027 | D        | Noticed an Ice Fiend
  3027 | D        | Noticed a deep elf master archer
  3046 | D        | Shot with an arrow by a deep elf master archer

Illustrated notes

Levels and vault maps discovered:
D:        pitsprint [storerooms_1, entrance_room_1, metal_vault_5, armoury_1,
          mini_pit_1, grid_room_1, main_hall_1, silver_pit, the_coven_1,
          the_vestibule_1, steel_vault_4, golden_pit, hallway_of_sentries,
          crystal_vault_1, iron_vault_5, final_vault]

Skill      XL: |  1  2  3  4  5  6  7  8  9 10 11 12 13 |
---------------+----------------------------------------+-----
Fighting       | 5 7 9 10 12 13 15 17 18 | 18.1
Dodging        | 5 6 7 9 10 11 13 15 16 17 | 17.9
Unarmed Combat | 6 8 9 11 12 13 15 18 19 20 | 20.9
Armour         | 8 11 | 11.3

Action                     |  1- 3 |  4- 6 |  7- 9 | 10-12 | 13-15 || total
---------------------------+-------+-------+-------+-------+-------++-------
  Melee: Unarmed           |     7 |    28 |    75 |   159 |    75 ||   344
         Punch             |       |       |     2 |    14 |    16 ||    32
 Invoke: Berserk           |     1 |       |     3 |     3 |     3 ||    10
         Brothers in Arms  |       |       |     2 |     8 |     5 ||    15
         Trog's Hand       |       |       |       |       |     1 ||     1
    Use: Potion            |       |       |     2 |     4 |     1 ||     7
         Scroll            |       |       |     1 |       |       ||     1
 Armour: Animal skin       |     4 |    20 |    41 |   109 |       ||   174
         Swamp dragon scal |       |       |       |    10 |    46 ||    56
  Dodge: Dodged            |     3 |    20 |    23 |    65 |    25 ||   136

Table legend: (Time is in decaauts)
 A = Elapsed time spent in this place.
 B = Non-inter-level travel time spent in this place.
 C = Inter-level travel time spent in this place.
 D = Time resting spent in this place.
 E = Time spent auto-exploring this place.
 F = Levels seen in this place.
 G = Mean time per level.
                   A        B        C        D        E       F      G
               +--------+--------+--------+--------+--------+-----+--------+
         Total |   3045 |   2975 |     70 |   1418 |    338 |   1 | 3045.0 |
       Dungeon |   3045 |   2975 |     70 |   1418 |    338 |   1 | 3045.0 |
               +--------+--------+--------+--------+--------+-----+--------+

Top non-repeatable levels by time:
       D: 3045 daAuts
